 Dungeon Crawl Stone Soup version 0.30-a0-125-g51eefa89be (webtiles) character file.

Game seed: 17321856979558291238

969 Flugkiller the Stinger (level 8, -1/66 HPs)
             Began as a Meteoran Ice Elementalist on Sept 18, 2022.
             Was a Believer of Uskayaw.
             Slain by an ice beast (6 damage)
             ... on level 6 of the Dungeon.
             The game lasted 00:07:55 (1510 turns).

Flugkiller the Stinger (Meteoran Ice Elementalist)  Turns: 1510, Time: 00:07:56

Health: -1/66      AC:  4    Str: 10    XL:     8   Next: 65%
Magic:  10/16      EV: 12    Int: 19    God:    Uskayaw [**....]
Gold:   524        SH:  0    Dex: 14    Spells: 5/17 levels left

rFire   x . .      SeeInvis .    k - staff of conjuration
rCold   + . .      Faith    .    (no shield)
rNeg    . . .      Spirit   .    a - +0 robe
rPois   .          Reflect  .    l - +0 helmet
rElec   .          Harm     .    (no cloak)
rCorr   .          Rampage  .    c - +0 pair of gloves
Will    +....                    (no boots)
Stlth   +.........               (no amulet)
HPRegen 0.21/turn                o - ring of ice
MPRegen 0.15/turn                (no ring)

@: glowing
A: sense surroundings 1, otherworldly, glowing, explore regen
a: Renounce Religion, Stomp, Line Pass


You were on level 6 of the Dungeon.
You worshipped Uskayaw.
Uskayaw was noncommittal.
You visited 2 branches of the dungeon, and saw 8 of its levels.

You collected 524 gold pieces.

Inventory:

Hand Weapons
 j - a +0 rapier of electrocution
   (You found it on level 3 of the Dungeon)
 m - a +1 dagger of venom
   (You took it off a goblin on level 3 of the Dungeon)
Missiles
 v - a throwing net
Armour
 a - a +0 robe (worn)
 c - a +0 pair of gloves (worn)
   (You found it on level 2 of the Dungeon)
 l - a +0 helmet (worn)
   (You took it off Robin on level 3 of the Dungeon)
 y - a +2 kite shield
   (You took it off a gnoll sergeant on level 5 of the Dungeon)
Magical Staves
 k - a staff of conjuration (weapon)
   (You found it on level 3 of the Dungeon)
Jewellery
 o - a ring of ice (left hand)
   (You found it on level 4 of the Dungeon)
Wands
 f - a wand of roots (8)
   (You found it on level 5 of the Dungeon)
 u - a wand of flame (7)
   (You found it on level 4 of the Dungeon)
Scrolls
 p - a scroll of poison
 r - a scroll of identify
 t - 2 scrolls of teleportation
 x - a scroll of immolation {unknown}
Potions
 b - a potion of magic
 d - 2 potions of ambrosia
 e - 2 potions of lignification
 g - a potion of mutation {unknown}
 h - a potion of flight {unknown}
 i - 2 potions of attraction
 n - a potion of degeneration {unknown}
 q - a potion of curing
 s - a potion of might {unknown}
 w - 4 potions of heal wounds


   Skills:
 - Level 4.0 Fighting
 - Level 2.4 Dodging
 - Level 1.4 Stealth
 - Level 5.0 Spellcasting
 - Level 4.0 Conjurations
 - Level 6.0 Ice Magic
 + Level 6.3 Poison Magic


You had 5 spell levels left.
You knew the following spells:

 Your Spells              Type           Power      Damage    Failure   Level
a - Freeze                Ice            100%       1d11      1%          1
b - Frozen Ramparts       Ice            82%        1d13      3%          3
c - Olgreb's Toxic Radia  Pois           28%        N/A       10%         4
d - Hailstorm             Conj/Ice       52%        3d12      16%         4

Your spell library contained the following spells:

 Spells                   Type           Power      Damage    Failure   Level
 Sting                    Tmut/Pois      64%        1d6       3%          1
 Ozocubu's Armour         Ice            41%        N/A       3%          3
 Poisonous Vapours        Pois/Air       32%        N/A       5%          2


Dungeon Overview and Level Annotations

Branches:
Dungeon (7/15) Zot: 2704   Temple (1/1) D:4 Zot: 565

Altars:
Cheibriados
Dithmenos
Elyvilon
Fedhas
Gozag
Uskayaw
Wu Jian


Innate Abilities, Weirdness & Mutations

You passively map a small area around you.
You are easily found by Zot.
You glow in the dark.
You regain HP and MP as you explore.


Message History

You feel as though you will be slow longer.
You feel very sick.
The wall freezes the kobold.
You kill the kobold!
The wall freezes the kobold brigand but does no damage.
The kobold brigand throws a curare-tipped dart.
The curare-tipped dart hits you.
You are more poisoned.
You have difficulty breathing.
You feel as though you will be slow longer.
The wall freezes the kobold!
You kill the kobold!
The wall freezes the kobold brigand.
The kobold brigand throws a curare-tipped dart.
The curare-tipped dart closely misses you.
Casting: Frozen Ramparts (dangerous; 3% risk of failure)
Confirm with . or Enter, or press ? or * to list all spells.
You begin to radiate toxic energy.
The kobold brigand is poisoned.
The kobold is poisoned.
The kobold brigand looks even sicker.
You feel extremely sick.
You kill the kobold!
The wall freezes the kobold brigand!
You kill the kobold brigand!
Uskayaw will force your foes to helplessly watch your dance.
Your Poison Magic skill increases to level 6!
Unknown command.
The frozen ramparts melt away as you move.
Your toxic aura wanes.
You feel very sick.
An ice beast comes into view.
The ice beast moves out of view.
You feel very sick.
There is a stone staircase leading up here.
You feel very sick.
You climb upwards.
You feel very sick.
There is a stone staircase leading down here.
You feel sick.
You feel sick.
You feel sick.
You are no longer poisoned.
You can no longer pass through a line of other dancers.
r - a scroll of identify;
f - a wand of roots (8)
An ice beast comes into view.
Casting: Olgreb's Toxic Radiance (dangerous; 10% risk of failure)
Confirm with . or Enter, or press ? or * to list all spells.
You can't see any susceptible monsters within range! (Use Z to cast anyway.)
Casting: Olgreb's Toxic Radiance (dangerous; 10% risk of failure)
Confirm with . or Enter, or press ? or * to list all spells.
You feel a strong surge of power!
A cannonade of hail descends around you!
The hail pelts the ice beast!
The ice beast partially resists.
The ice beast is moderately wounded.
Casting: Hailstorm (dangerous; 16% risk of failure)
Confirm with . or Enter, or press ? or * to list all spells.
You feel a strong surge of power!
A cannonade of hail descends around you!
The hail pelts the ice beast!
The ice beast partially resists.
The ice beast is severely wounded.
The ice beast hits you. The ice beast freezes you. You resist.
You can now pass through a line of other dancers.
You hit the ice beast.
The ice beast is almost dead.
The ice beast hits you but does no damage.
The ice beast closely misses you.
You hit the ice beast but do no damage.
You punch the ice beast, but do no damage.
The ice beast is severely wounded.
The ice beast hits you but does no damage.
You hit the ice beast.
The ice beast is almost dead.
The ice beast hits you. The ice beast freezes you. You resist.
The ice beast barely misses you.
You hit the ice beast.
The ice beast is almost dead.
The ice beast closely misses you.
The ice beast hits you but does no damage.
You hit the ice beast but do no damage.
The ice beast is almost dead.
The ice beast hits you. The ice beast freezes you. You resist.
* * * LOW HITPOINT WARNING * * *
The ice beast closely misses you.
Aiming: Throw Flame
Press: ? - help, Shift-Dir - straight line, f - ice beast
Aim: an ice beast (almost dead, 68% to hit)
The puff of flame misses the ice beast.
The ice beast hits you but does no damage.
Aiming: Throw Flame
Press: ? - help, Shift-Dir - straight line, f/p - ice beast
Aim: an ice beast (almost dead, 68% to hit)
The puff of flame misses the ice beast.
You feel yourself speed up. The ice beast hits you.
* * * LOW HITPOINT WARNING * * *
The ice beast freezes you. You resist.
* * * LOW HITPOINT WARNING * * *
The ice beast hits you.
* * * LOW HITPOINT WARNING * * *
The ice beast freezes you. You resist.
You die...

#.........#
, , ,
#........##
,
##.......#
, ,,
#.......# ,
###....##
#....# *
##...#
#..## ,
#.@.# , ,
##Y.# #..#
#...* ##..#
*..# * *
... ,*
#..#* * ,


You could see an ice beast.

Vanquished Creatures
  An ice beast (D:5)
  2 ogres (D:5)
  A kobold brigand (D:7)
  3 scorpions (D:5)
  A gnoll sergeant (D:5)
  3 hounds
  2 jellies (D:5)
  An orc priest (D:3)
  2 iguanas (D:5)
  Robin (D:3)
  A gnoll (D:4)
  6 adders
  A shadow imp (D:5)
  A white imp (D:5)
  An ufetubus (D:5)
  2 worms
  2 dart slugs
  10 orcs
  4 endoplasms
  2 giant cockroaches
  10 goblins
  6 hobgoblins
  7 kobolds
  3 quokkas
  2 ball pythons
  2 rats
77 creatures vanquished.

Notes
Turn   | Place    | Note
-------+----------+-------------------------------------------
     0 | D:1      | Flugkiller the Meteoran Ice Elementalist began the quest
                  | for the Orb.
     0 | D:1      | Reached XP level 1. HP: 14/14 MP: 5/5
    76 | D:2      | Reached XP level 2. HP: 20/20 MP: 5/7
   247 | D:4      | Noticed a hound
   247 | D:4      | Noticed a hound
   256 | D:3      | Killed a hound
   257 | D:3      | Reached skill level 5 in Ice Magic
   257 | D:3      | Reached XP level 3. HP: 18/26 MP: 5/9
   257 | D:3      | Reached XP level 4. HP: 23/33 MP: 5/10
   290 | D:3      | Learned a level 3 spell: Frozen Ramparts
   296 | D:3      | Noticed Robin
   309 | D:3      | Killed Robin
   403 | D:4      | Reached XP level 5. HP: 20/38 MP: 8/12
   447 | D:4      | Found a staircase to the Ecumenical Temple.
   459 | Temple   | Entered the Ecumenical Temple
   483 | Temple   | Became a worshipper of Uskayaw the Reveller
   542 | D:3      | Reached * piety under Uskayaw
   545 | D:3      | Reached ** piety under Uskayaw
   587 | D:3      | Reached *** piety under Uskayaw
   589 | D:3      | Reached skill level 5 in Spellcasting
   589 | D:3      | Reached XP level 6. HP: 42/46 MP: 10/14
   594 | D:3      | Learned a level 4 spell: Olgreb's Toxic Radiance
   718 | D:4      | Found a shadowy altar of Dithmenos.
   828 | D:4      | Found an opulent altar of Gozag.
   861 | D:5      | Entered Level 5 of the Dungeon
   923 | D:5      | Reached skill level 1 in Fighting
   923 | D:5      | Reached skill level 1 in Conjurations
   923 | D:5      | Reached skill level 1 in Poison Magic
  1178 | D:5      | Reached XP level 7. HP: 52/55 MP: 13/15
  1295 | D:5      | Reached **** piety under Uskayaw
  1296 | D:5      | Reached XP level 8. HP: 63/63 MP: 9/16
  1351 | D:5      | Learned a level 4 spell: Hailstorm
  1366 | D:5      | Reached skill level 5 in Poison Magic
  1510 | D:6      | Slain by an ice beast

Illustrated notes

Levels and vault maps discovered:
D:1:      tarquinn_simple_flora_water_b, layout_basic, serial_shops,
          nicolae_shop_hallway_stairs, shapermc_ecumenical_altar_notcrosses
D:2:      layout_basic, basic_altar, nicolae_kite_square_tiling_tiny
D:3:      layout_basic, trog_wizard, uniq_robin
D:4:      layout_loops_ring, nicolae_gozag_seed_capital, amcnicky_altar_gilded,
          minmay_temple_entry_sparse_star, cheibrodos_gnoll_hut
D:5:      minmay_polygon_palace, layout_loops_ring, minmay_fire_ice_demons
D:6:      layout_cave_pods
D:7:      layout_loops_ring, tgw_kikubaaqudgha,
          minmay_overflow_temple_star_quad, uniq_maggie
Temple:   jpeg_temple_clearing

Skill      XL: |  1  2  3  4  5  6  7  8 |
---------------+-------------------------+-----
Spellcasting   | 3 4 5 |  5.0
Ice Magic      | 5 6 |  6.0
Fighting       | 2 3 4 |  4.0
Conjurations   | 2 3 4 |  4.0
Poison Magic   | 2 3 6 |  6.3
Dodging        | |  2.4
Stealth        | |  1.4

Action                   |  1- 3 |  4- 6 |  7- 9 || total
-------------------------+-------+-------+-------++-------
Melee: Unarmed           |     1 |       |     7 ||     8
       Staff             |       |     8 |    17 ||    25
       Punch             |       |       |     2 ||     2
 Cast: Freeze            |    21 |    38 |    20 ||    79
       Frozen Ramparts   |       |     8 |     7 ||    15
       Hailstorm         |       |       |     3 ||     3
       Olgreb's Toxic Ra |       |       |     1 ||     1
Evoke: Wand              |       |     1 |     2 ||     3
  Use: Scroll            |       |     6 |     1 ||     7
       Potion            |       |       |     2 ||     2
 Stab: Paralysed         |       |       |     2 ||     2
Armor: Robe              |     1 |    15 |     6 ||    22
       Skin              |       |       |     6 ||     6
Dodge: Dodged            |    12 |    24 |    17 ||    53

Table legend: (Time is in decaauts)
 A = Elapsed time spent in this place.
 B = Non-inter-level travel time spent in this place.
 C = Inter-level travel time spent in this place.
 D = Time resting spent in this place.
 E = Time spent auto-exploring this place.
 F = Levels seen in this place.
 G = Mean time per level.
                   A        B        C        D        E       F      G
               +--------+--------+--------+--------+--------+-----+--------+
         Total |   1529 |   1395 |    134 |      0 |      0 |   8 |  191.1 |
       Dungeon |   1494 |   1369 |    125 |      0 |      0 |   7 |  213.4 |
        Temple |     34 |     25 |      9 |      0 |      0 |   1 |   34.0 |
               +--------+--------+--------+--------+--------+-----+--------+

Top non-repeatable levels by time:
     D:5: 600 daAuts
     D:4: 328 daAuts
     D:3: 284 daAuts
     D:2: 212 daAuts
     D:6: 43 daAuts
  Temple: 34 daAuts
     D:7: 14 daAuts
     D:1: 10 daAuts
